 Dungeon Crawl Stone Soup version 0.31-a0-1074-g0b22e4e0f1 (webtiles) character file.

Game seed: 10136538766354968580

96 nucleargodhead the Slasher (level 4, -10/24 HPs)
             Began as a Vine Stalker Fighter on Nov 26, 2023.
             Killed by divine providence
             ... invoked by an orc priest
              (12 damage)
             ... on level 3 of the Dungeon.
             The game lasted 00:02:15 (1448 turns).

nucleargodhead the Slasher (Vine Stalker Fighter)   Turns: 1448, Time: 00:02:16

Health: -10/24     AC:  8    Str: 19    XL:     4   Next: 67%
Magic:  0/5        EV:  7    Int:  8    God:
Gold:   130        SH:  5    Dex: 15    Spells: 3/3 levels left

rFire   . . .        a - +0 long sword
rCold   . . .        c - +0 buckler
rNeg    . . .        m - +0 chain mail
rPois   .            (no helmet)
rElec   .            (no cloak)
rCorr   .            (no gloves)
SInv    .            (no boots)
Will    .....        (no amulet) Stlth
                     (no ring)
HPRegen 1.04/turn    (no ring)
MPRegen 0.09/turn

%: guardian spirit
@: no status effects
A: fangs 2, regeneration 1, magic shield, antimagic bite, no potion heal 2
a: no special abilities


You were on level 3 of the Dungeon.
You visited 1 branch of the dungeon, and saw 3 of its levels.

You collected 130 gold pieces.

Inventory:

Hand Weapons
 a - a +0 long sword (weapon)
Armour
 b - a +0 scale mail
 c - a +0 buckler (worn)
 m - a +0 chain mail (worn)
 n - the +1 leather armour of Onehygig {rElec rF- Stlth+}
   (You found it on level 2 of the Dungeon)

   rF-:       It makes you vulnerable to fire.
   rElec:     It insulates you from electricity.
   Stlth+:    It makes you more stealthy.
Scrolls
 f - 5 scrolls of identify {unknown}
 g - a scroll of enchant weapon {unknown}
 h - a scroll of silence {unknown}
 i - 2 scrolls of noise {unknown}
Potions
 d - 2 potions of might
 e - a potion of cancellation {unknown}
 j - a potion of heal wounds {unknown}
 k - 2 potions of haste {unknown}
 l - a potion of lignification {unknown}


   Skills:
 + Level 3.5 Fighting
 * Level 3.6 Long Blades
 - Level 2.4 Armour
 - Level 2.6 Shields


You had 3 spell levels left.
You didn't know any spells.
Your spell library was empty.

Dungeon Overview and Level Annotations

Branches:
Dungeon (3/15)

Altars:


Innate Abilities, Weirdness & Mutations

You have extremely sharp teeth.
Your natural rate of healing is unusually fast.
When hurt, damage is shared between your health and your magic reserves.
Your bite disrupts and absorbs the magic of your enemies.
Potions cannot restore your health.


Message History

The orc priest hits you with a +0 dagger.
The orc hits you with a +0 hand axe. The kobold barely misses you.
Unknown command.
You barely miss the orc priest.
The orc priest is almost dead.
You block the orc's attack. The orc completely misses you.
The orc priest hits you but does no damage.
The kobold completely misses you.
You barely miss the orc priest.
The orc priest is almost dead.
The orc hits you with a +0 hand axe. You block the kobold's attack.
The orc hits you but does no damage.
The orc priest looks braver for a moment.
An orc comes into view. It is wielding a +0 hand axe.
The orc priest hits you but does no damage.
The orc hits you but does no damage. You block the orc's attack.
The kobold hits you but does no damage.
The orc shouts!
The orc throws a boomerang.
The boomerang hits you but does no damage.
The orc priest calls down the wrath of Beogh upon you.
Beogh smites you!
* * * LOW HITPOINT WARNING * * *
The orc hits you but does no damage. The kobold attacks as it pursues you!
The kobold hits you but does no damage. The orc attacks as it pursues you!
The orc hits you but does no damage.
The orc priest looks braver for a moment.
The orc priest begins to cast a cantrip, but forgets the words!
The orc priest miscasts a cantrip.
The orc throws a stone.
You block the stone.
The orc priest calls down the wrath of Beogh upon you.
Beogh smites you!
* * * LOW HITPOINT WARNING * * *
The orc throws a stone.
You block the stone.
The orc throws a boomerang.
The boomerang hits you.
* * * LOW HITPOINT WARNING * * *
The orc priest invokes the aid of Beogh against you.
Beogh smites you!
Ouch! That really hurt!
You die...

...#.#..####
#.....#....##########
##.#.................
#<.#.#######.########
####.# #..# ..# ##.##
#### #..## ##..###
##.@.# ###.# #.# #.##
#o.# #####o###
#....o..# #:...o).#
#.......#


You could see an orc priest and 3 orcs.

Vanquished Creatures
  5 adders
  A worm (D:2)
  A dart slug (D:2)
  An orc (D:3)
  2 bats
  6 endoplasms
  3 giant cockroaches
  4 hobgoblins
  2 quokkas
  3 ball pythons
  4 frilled lizards
  4 goblins
  5 kobolds
  5 rats
46 creatures vanquished.

Notes
Turn   | Place    | Note
-------+----------+-------------------------------------------
     0 | D:1      | nucleargodhead the Vine Stalker Fighter began the quest for
                  | the Orb.
     0 | D:1      | Reached XP level 1. HP: 11/11 MP: 2/2
   180 | D:1      | Reached XP level 2. HP: 16/16 MP: 1/3
   816 | D:2      | Reached XP level 3. HP: 20/20 MP: 4/4
   945 | D:2      | Reached XP level 4. HP: 24/24 MP: 5/5
  1055 | D:2      | Identified the +1 leather armour of Onehygig {rElec rF-
                  | Stlth+}
  1448 | D:3      | Killed from afar by an orc priest

Illustrated notes

Levels and vault maps discovered:
D:1:      dpeg_arrival_orchard, layout_basic
D:2:      layout_rooms, minmay_misc_feat_five
D:3:      layout_basic

Skill      XL: |  1  2  3 |
---------------+----------+-----
Long Blades    | 2 3 |  3.6
Fighting       | 3 |  3.5
Armour         | |  2.4
Shields        | |  2.6

Action                     |  1- 3 |  4- 6 || total
---------------------------+-------+-------++-------
  Melee: Long sword        |    91 |    53 ||   144
         Bite              |    18 |     8 ||    26
 Armour: Scale mail        |    51 |     4 ||    55
         Chain mail        |       |    56 ||    56
  Dodge: Dodged            |    34 |    27 ||    61
  Block: Buckler           |    24 |    20 ||    44

Table legend: (Time is in decaauts)
 A = Elapsed time spent in this place.
 B = Non-inter-level travel time spent in this place.
 C = Inter-level travel time spent in this place.
 D = Time resting spent in this place.
 E = Time spent auto-exploring this place.
 F = Levels seen in this place.
 G = Mean time per level.
                   A        B        C        D        E       F      G
               +--------+--------+--------+--------+--------+-----+--------+
         Total |   1490 |   1446 |     44 |      0 |   1098 |   3 |  496.7 |
       Dungeon |   1490 |   1446 |     44 |      0 |   1098 |   3 |  496.7 |
               +--------+--------+--------+--------+--------+-----+--------+

Top non-repeatable levels by time:
     D:1: 825 daAuts
     D:2: 583 daAuts
     D:3: 81 daAuts
